 Dungeon Crawl Stone Soup version 0.31-a0-102-g33a4ccc0cb (webtiles) character file.

Game seed: 12592506501568161442

1725 hito the Skirmisher (level 9, -6/74 HPs)
             Began as a Hill Orc Hunter on May 25, 2023.
             Was an Initiate of Uskayaw.
             Mangled by an orc knight
             ... wielding a +0 broad axe
              (23 damage)
             ... in a bailey on May 26, 2023.
             The game lasted 00:15:02 (6112 turns).

hito the Skirmisher (Hill Orc Hunter)               Turns: 6112, Time: 00:15:03

Health: -6/74      AC:  4    Str: 14    XL:     9   Next: 4%
Magic:  10/12      EV: 12    Int: 15    God:    Uskayaw [......]
Gold:   369        SH:  0    Dex: 18    Spells: 8/8 levels left

rFire   . . .        b - +2 dagger (venom)
rCold   . . .        (no shield)
rNeg    . . .        c - +0 leather armour
rPois   .            (no helmet)
rElec   .            (no cloak)
rCorr   .            z - +0 pair of gloves
SInv    .            (no boots)
Will    .....        t - amulet of regeneration
Stlth   ++           v - +6 ring of intelligence
HPRegen 1.12/turn    (no ring)
MPRegen 0.13/turn

%: no passive effects
@: no status effects
A: no striking features
a: Renounce Religion


You were in a bailey.
You worshipped Uskayaw.
Uskayaw was noncommittal.
You visited 2 branches of the dungeon, and saw 8 of its levels.
You also visited: Bailey.

You collected 369 gold pieces.

Inventory:

Hand Weapons
 a - a +0 orcbow
 b - a +2 dagger of venom (weapon)
 j - a +0 broad axe
 B - a +2 heavy war axe
Missiles
 s - 13 boomerangs
 A - 3 poisoned darts (quivered)
Armour
 c - a +0 leather armour (worn)
 z - a +0 pair of gloves (worn)
Magical Staves
 h - a staff of conjuration
Jewellery
 q - an amulet of reflection
 t - an amulet of regeneration (around neck)
 v - a +6 ring of intelligence (left hand)
Wands
 y - a wand of flame (24)
 D - a wand of paralysis (11)
Scrolls
 d - 3 scrolls of blinking {unknown}
 g - a scroll of fog
 l - a scroll of amnesia
 o - a scroll of torment
 p - 2 scrolls of enchant weapon
 r - a scroll of teleportation
 u - 2 scrolls of immolation
Potions
 e - 3 potions of mutation {unknown}
 f - a potion of cancellation {unknown}
 i - 4 potions of haste {unknown}
 k - 2 potions of lignification {unknown}
 m - a potion of heal wounds {unknown}
 n - 3 potions of curing
 w - 2 potions of enlightenment {unknown}
 x - a potion of berserk rage
 C - a potion of brilliance


   Skills:
 - Level 5.0 Fighting
 + Level 9.8 Ranged Weapons
 - Level 1.5 Dodging
 - Level 0.7 Stealth
 - Level 5.0 Invocations


You had 8 spell levels left.
You didn't know any spells.
Your spell library contained the following spells:

 Spells                   Type           Power      Damage    Failure   Level
 Apportation              Tloc           0%         N/A       34%         1
 Necrotise                Necr           0%         1d4       34%         1
 Summon Small Mammal      Summ           0%         N/A       34%         1
 Cigotuvi's Dreadful Rot  Necr/Pois/Air  0%         N/A       45%         2
 Ensorcelled Hibernation  Hex/Ice        0%         N/A       45%         2
 Ignite Poison            Fire/Tmut/Pois 0%         N/A       71%         3
 Spider Form              Tmut/Pois      0%         N/A       71%         3
 Anguish                  Hex/Necr       0%         N/A       98%         4
 Freezing Cloud           Conj/Ice/Air   0%         6-21      100%        5


Dungeon Overview and Level Annotations

Branches:
Dungeon (7/15)             Temple (1/1) D:5          Bailey (1/1)

Altars:
Dithmenos
Fedhas
Makhleb
Nemelex Xobeh
Sif Muna
Uskayaw
Vehumet

Shops:
D:4 (   D:5 :   D:7 :

Annotations:
D:2 exclusion: downstairs


Message History

The orc knight is heavily wounded.
The orc knight misses you.
You barely miss the orc knight.
The orc knight is heavily wounded.
The orc knight hits you with a +0 broad axe.
You barely miss the orc knight.
The orc knight is heavily wounded.
The orc knight barely misses you.
You barely miss the orc knight.
The orc knight is heavily wounded.
The orc knight barely misses you.
You closely miss the orc knight.
You punch the orc knight, but do no damage.
The orc knight is heavily wounded.
The orc knight hits you with a +0 broad axe!
You hit the orc knight but do no damage.
The orc knight looks as sick as possible!
The orc knight is severely wounded.
The orc knight barely misses you.
You barely miss the orc knight.
The orc knight is severely wounded.
The orc knight hits you with a +0 broad axe.
You hit the orc knight but do no damage.
The orc knight looks as sick as possible!
The orc knight is severely wounded.
The orc knight closely misses you.
You hit the orc knight but do no damage.
The orc knight looks as sick as possible!
The orc knight is severely wounded.
The orc knight hits you with a +0 broad axe.
You closely miss the orc knight.
The orc knight is severely wounded.
The orc knight hits you with a +0 broad axe!
* * * LOW HITPOINT WARNING * * *
Okay, then.
You hit the orc knight but do no damage.
The orc knight looks as sick as possible!
The orc knight is severely wounded.
The orc knight hits you with a +0 broad axe!!
You die...

# #..#.~≈≈≈≈≈≈ #
#..#.~≈≈≈≈≈≈ #
#..#.~≈≈≈≈≈≈ #
#..#.~≈≈≈≈≈≈ #
#'##.~≈≈≈≈≈≈ #
#..#.~≈≈≈≈≈≈ #
#8.#.~≈≈≈≈≈≈ #
#))#.~≈≈≈≈≈≈ ####
####8.#@~≈≈≈≈≈≈
...#######...).#o~≈≈≈≈≈≈
)..#.....#...8.#.~≈≈≈≈≈≈
...#.....#.....#.~≈≈≈≈≈≈
#..#..⌠..#..####'#≈≈≈≈≈≈
#..)....)'..# ..#≈≈≈≈≈≈
#..'....['..# .((#≈≈≈≈≈≈
#####'''#####..###≈≈≈≈≈≈
#...........#.. ≈≈≈≈≈


You could see an orc knight (extremely poisoned).

Vanquished Creatures
  A water moccasin (D:6)
  4 orc warriors (Bailey)
  2 ice beasts
  2 centaurs
  A phantom (D:6)
  3 scorpions
  A bullfrog (D:6)
  An electric eel (Bailey)
  2 jellies
  4 hounds
  A sleepcap (D:5)
  2 iguanas (D:5)
  2 orc wizards
  A statue (D:4)
  5 gnolls
  9 adders
  A shadow imp (D:6)
  2 worms (D:2)
  2 dart slugs
  18 orcs
  6 ball pythons
  5 endoplasms
  A giant cockroach (D:4)
  9 goblins
  11 hobgoblins
  3 kobolds
  4 quokkas
  2 bats
  A frilled lizard (D:2)
  3 rats
109 creatures vanquished.

Notes
Turn   | Place    | Note
-------+----------+-------------------------------------------
     0 | D:1      | hito the Hill Orc Hunter began the quest for the Orb.
     0 | D:1      | Reached XP level 1. HP: 18/18 MP: 1/1
   291 | D:1      | Reached XP level 2. HP: 6/25 MP: 2/2
   971 | D:2      | Reached skill level 4 in Ranged Weapons
  1036 | D:2      | Reached XP level 3. HP: 19/31 MP: 3/3
  1440 | D:2      | Reached XP level 4. HP: 30/40 MP: 4/4
  1788 | D:3      | Found a shimmering blue altar of Sif Muna.
  1919 | D:3      | Reached XP level 5. HP: 37/47 MP: 5/5
  2456 | D:4      | Reached skill level 5 in Fighting
  2667 | D:4      | Reached skill level 5 in Ranged Weapons
  2888 | D:4      | Found a radiant altar of Vehumet.
  2888 | D:4      | Noticed a frost-covered statue
  2904 | D:4      | Killed a frost-covered statue
  3002 | D:4      | Found Nouleevu's Weapon Emporium.
  3134 | D:5      | Entered Level 5 of the Dungeon
  3134 | D:5      | Found Bomean's Book Boutique.
  3149 | D:5      | Noticed a centaur
  3241 | D:5      | Reached XP level 6. HP: 56/56 MP: 6/6
  3533 | D:5      | Reached skill level 6 in Ranged Weapons
  3680 | D:5      | Found a hide-covered altar of Uskayaw.
  3686 | D:5      | Became a worshipper of Uskayaw the Reveller
  3695 | D:5      | Reached * piety under Uskayaw
  3699 | D:5      | Reached ** piety under Uskayaw
  3715 | D:5      | Reached skill level 1 in Invocations
  3719 | D:5      | Reached XP level 7. HP: 61/61 MP: 3/8
  3802 | D:5      | Found a staircase to the Ecumenical Temple.
  3847 | Temple   | Entered the Ecumenical Temple
  4104 | D:5      | Found a blossoming altar of Fedhas.
  4432 | D:5      | Reached skill level 7 in Ranged Weapons
  4721 | D:6      | Found a sparkling altar of Nemelex Xobeh.
  4871 | D:6      | Reached skill level 5 in Invocations
  4871 | D:6      | Reached XP level 8. HP: 55/68 MP: 11/11
  4889 | D:6      | Found a shadowy altar of Dithmenos.
  5388 | D:6      | Reached skill level 8 in Ranged Weapons
  5513 | D:7      | Found a flagged portal.
  5578 | D:7      | Found Taheanull's Vocational Training.
  5614 | D:7      | Upgraded the game from 0.31-a0-95-g6fa058ef04 to
                  | 0.31-a0-102-g33a4ccc0cb
  5615 | Bailey   | Entered a bailey
  5848 | Bailey   | Reached skill level 9 in Ranged Weapons
  5915 | Bailey   | Reached *** piety under Uskayaw
  5925 | Bailey   | Reached XP level 9. HP: 20/74 MP: 5/12
  6083 | Bailey   | Noticed an orc knight
  6112 | Bailey   | Mangled by an orc knight

Illustrated notes

Levels and vault maps discovered:
D:1:      amcnicky_arrival_abandoned_market, layout_basic
D:2:      layout_basic, chequers_jeans
D:3:      layout_loops_cross, mainiacjoe_overflow_surrounded_room,
          grunt_ministairs_8
D:4:      layout_cave_pods, vehumet_statue, serial_shops, shop
D:5:      layout_layer_cave, nicolae_uskayaw_murder_on_the_dancefloor,
          mainiacjoe_overflow_cross_hatched,
          minmay_temple_entry_statues_fountains, serial_shops, shop,
          hangedman_abyss_or_decor_stabs
D:6:      layout_basic, nemelex_xobeh_ov_fountains_minmay,
          nicolae_dithmenos_the_darkroom
D:7:      layout_gridville, lemuel_doored_altar, mainiacjoe_overflow_boulevard,
          enter_bailey_5, nicolae_shop_vocational
Temple:   chequers_temple_sunken
Bailey:   bailey_axe_of_yendor_kennysheep, bailey

Skill      XL: |  1  2  3  4  5  6  7  8 |
---------------+-------------------------+-----
Fighting       | 3 4 5 |  5.0
Ranged Weapons | 4 5 6 7 9 |  9.8
Invocations    | 1 5 |  5.0
Dodging        | |  1.5
Stealth        | |  0.7

Action                     |  1- 3 |  4- 6 |  7- 9 || total
---------------------------+-------+-------+-------++-------
  Melee: Dagger            |       |    24 |    30 ||    54
         Punch             |       |     1 |     2 ||     3
   Fire: Shortbow          |    92 |   117 |       ||   209
         Orcbow            |       |    16 |   215 ||   231
  Throw: Dart              |       |       |     3 ||     3
 Invoke: Stomp             |       |     1 |    13 ||    14
  Evoke: Wand              |       |       |     1 ||     1
    Use: Potion            |       |     1 |       ||     1
         Scroll            |       |       |     7 ||     7
 Armour: Leather armour    |     7 |     4 |    30 ||    41
  Dodge: Dodged            |    23 |    46 |   108 ||   177
  Block: Other             |       |     8 |     1 ||     9
         Reflection        |       |     3 |       ||     3

Table legend: (Time is in decaauts)
 A = Elapsed time spent in this place.
 B = Non-inter-level travel time spent in this place.
 C = Inter-level travel time spent in this place.
 D = Time resting spent in this place.
 E = Time spent auto-exploring this place.
 F = Levels seen in this place.
 G = Mean time per level.
                   A        B        C        D        E       F      G
               +--------+--------+--------+--------+--------+-----+--------+
         Total |   6180 |   5945 |    235 |   1209 |   3565 |   9 |  686.7 |
       Dungeon |   5656 |   5421 |    235 |    952 |   3565 |   7 |  808.0 |
        Temple |     25 |     25 |      0 |      8 |      0 |   1 |   25.0 |
        Bailey |    498 |    498 |      0 |    249 |      0 |   1 |  498.0 |
               +--------+--------+--------+--------+--------+-----+--------+

Top non-repeatable levels by time:
     D:5: 1423 daAuts
     D:4: 975 daAuts
     D:6: 836 daAuts
     D:1: 808 daAuts
     D:3: 784 daAuts
     D:2: 681 daAuts
  Bailey: 498 daAuts
     D:7: 147 daAuts
  Temple: 25 daAuts
